Unix NetHack Version 5.0.0-0 post-release - last build May  4 2026 22:22:43 (774f63e81ad911689b3a0859ea89b322d5daca8d,branch:main).

Game began 2026-05-05 14:22:16, ended 2026-05-05 15:04:47.

GdeVolpiano, neutral male human Monk

                                                  ---
                                                 --.---
                                                 |....-----------    ----
                                                 |...............   --..|
                                                 ----.---#-.-.---   ....|
                                         -------    |.| |...%...-------.| ----
                                        ....^..|    |.| |..........----.| |..--
                                        ---..#.-----#.| ---..%......|%.%--|...|
                                         -#..|......#.#-  |...%........%)-|.*--
                                       --#...|-#-......-- |..........---..|.--
                                       |....--  #.......----.........| |-...|
                                      -#....|  --........--.........----....--
                                     .#q@...|  |......<.....)......-- |......|
                                     .......-  |-.................--  |......|
                                      ---...   |.........)0....*.      --....|
                                        |..   --......--........        ---.--
                                              |......-||.......           ---
                                              |.......|---.%.-
                                              ---.--.--  ----
                                                --- --
GdeVolpiano the Initiate        St:16 Dx:12 Co:16 In:10 Wi:14 Ch:9  Neutral
Dlvl:7  $:496 HP:0(44) Pw:25(48) AC:4  Xp:7 T:1798  Hungry  

Latest messages:
 You hit the dwarf!
 You hit the dwarf!
 The grid bug bites!
 You get zapped!
 The dwarf thrusts his knife.
 The dwarf misses!
 You kill the dwarf!
 The grid bug bites!
 You avoid harm.
 The dwarf picks up a dwarvish cloak.
 You hit the dwarf!
 The grid bug bites!
 You get zapped!
 The dwarf drinks a black potion!
 The dwarf looks completely healed.
 You hit the dwarf!
 The grid bug bites!
 You avoid harm.
 The dwarf swings his pick-axe.
 The dwarf hits!
 You hit the dwarf!
 The grid bug bites!
 You get zapped!
 You kill the dwarf!
 The grid bug misses!
 $ - 24 gold pieces (169 in total).
 There are many more objects here.
 The grid bug bites!
 You avoid harm.
 You kill the grid bug!
 Akhogzu of Aiulaigris hits!
 You kill Akhogzu of Aiulaigris!
 Uula of Aiulaigris picks up a bow.
 $ - 327 gold pieces (496 in total).
 The grid bug misses!
 You kill the grid bug!
 What do you want to eat? [fgiR or ?*]
 Core dumped.
 A board beneath you squeaks a G note loudly.
 You hear a D flat squeak in the distance.
 The mumak butts!
 The mumak bites!
 You hit the mumak!
 You hit the mumak!
 In what direction?
 You feel better.
 The mumak butts!
 You die...
 Do you want your possessions identified? [ynq] (y)
 Do you want to see your attributes? [ynq] (y)

Inventory:
 Coins    ('$')
  $ - 496 gold pieces
 Armor    ('[')
  a - an uncursed +2 pair of leather gloves (being worn)
  b - an uncursed +1 robe (being worn)
 Comestibles  ('%')
  g - an uncursed apple
  f - 6 uncursed food rations
  i - 4 uncursed fortune cookies
  R - an uncursed lizard corpse
 Scrolls  ('?')
  u - an uncursed scroll of amnesia
  D - 2 uncursed scrolls of blank paper
  Q - an uncursed scroll of charging
  Z - an uncursed scroll of destroy armor
  c - an uncursed scroll of earth
  q - an uncursed scroll of genocide
  m - a cursed scroll of teleportation
 Spellbooks  ('+')
  o - an uncursed spellbook of detect monsters
  j - a blessed spellbook of healing
 Potions  ('!')
  V - an uncursed potion of confusion
  l - 2 uncursed potions of gain ability
  p - an uncursed potion of gain level
  e - 2 blessed potions of healing
  d - 2 uncursed potions of healing
  C - an uncursed potion of restore ability
  P - a cursed potion of see invisible
 Wands    ('/')
  n - a wand of cold (0:3)
  I - a wand of locking (0:4)
  J - a wand of magic missile (0:7)
  W - a wand of magic missile (0:0)
  Y - a wand of magic missile (0:0)
  h - a wand of striking (0:0)
  S - a wand of striking (0:0)
  T - a wand of striking (0:0)
 Tools    ('(')
  t - an uncursed brass lantern
  z - a cursed can of grease (0:18)
  O - a cursed magic lamp
  A - a blessed oil lamp
  s - an uncursed oil lamp (lit)
  K - a +0 pick-axe (alternate weapon; not wielded)
  k - an uncursed skeleton key
  E - 6 uncursed tallow candles
  r - a cursed tallow candle
  G - an uncursed tin whistle
  U - 6 uncursed wax candles
 Gems/Stones  ('*')
  x - an uncursed jacinth stone
  H - an uncursed worthless piece of black glass
  L - an uncursed worthless piece of green glass
  N - an uncursed worthless piece of violet glass
  y - 2 uncursed worthless pieces of white glass
  w - a cursed worthless piece of white glass
  M - 2 uncursed worthless pieces of yellow glass
  v - 2 uncursed worthless pieces of yellowish brown glass
  B - an uncursed flint stone

GdeVolpiano the Monk's attributes:

Background:
 You were an Initiate, a level 7 male human Monk.
 You were neutral, on a mission for Chih Sung-tzu
 who was opposed by Shan Lai Ching (lawful) and Huan Ti (chaotic).
 You were right-handed.
 You were in the Gnomish Mines, on level 7.
 You entered the dungeon 1798 turns ago.
 You had 1095 experience points, 185 more were needed to attain level 8.

Basics:
 You had 0 out of 44 hit points.
 You had 25 out of 48 energy points (spell power).
 Your armor class was 4.
 Your wallet contained 496 zorkmids.
 Autopickup was on for '$?!/="+' plus thrown, with exceptions.

Final Characteristics:
 Your strength was 16 (limit:18/100).
 Your dexterity was 12 (limit:18).
 Your constitution was 16 (limit:18).
 Your intelligence was 10 (limit:18).
 Your wisdom was 14 (limit:18).
 Your charisma was 9 (limit:18).

Final Status:
 You were hungry.
 You were unencumbered.
 You were empty handed.
 You had basic skill with martial arts and could have enhanced that.

Final Attributes:
 You were devoutly aligned.
 You were sleep resistant.
 You were poison resistant.
 You saw invisible.
 You were warned.
 You were stealthy.
 You were guarded.
 Your spell casting was enhanced by wearing a robe.
 You were fast.
 You were very lucky.
 You are dead.

Miscellaneous:
 You didn't encounter any bones levels.
 Total elapsed playing time was 42 minutes and 29 seconds.

Major events:
 Turn
    1: GdeVolpiano the neutral male human Monk entered the dungeon
  331: entered the Gnomish Mines
  567: attained the rank of Novice (level 3)
  930: reached Mine Town
 1155: attained the rank of Initiate (level 6)
 1798: killed by a mumak

Spells:
 Name                 Level Category     Fail Retention
 healing                1   healing        0%  91%-100%
 detect monsters        1   divination     0%  76%-100%

Skills:
 Fighting Skills
   martial arts       [Basic]
 Weapon Skills
   quarterstaff       [Unskilled]
   spear              [Unskilled]
   crossbow           [Unskilled]
   shuriken           [Unskilled]
 Spellcasting Skills
   attack spells      [Unskilled]
   healing spells     [Basic]
   divination spells  [Unskilled]
   enchantment spells [Unskilled]
   clerical spells    [Unskilled]
   escape spells      [Unskilled]
   matter spells      [Unskilled]

Voluntary challenges:
 Character rerolling was not enabled.
 You followed a strict vegan diet.
 You never hit with a wielded weapon.
 You never genocided any monsters.
 You never polymorphed an object.
 You never changed form.
 You used no wishes.
Achievements:
 You entered the Gnomish Mines.
 You entered a shop.
 You attained the rank of Novice.
 You entered Minetown.
 You attained the rank of Initiate.

 The Dungeons of Doom: levels 1 to 3
    Level 1:
       A fountain, a sink.
    Level 2:
       A general store, a fountain.
       Stairs down to The Gnomish Mines.
    Level 3:
 The Gnomish Mines: levels 3 to 7
    Level 3:
    Level 4:
    Level 5:
    Level 6:
       An altar to Chih Sung-tzu, some fountains.
    Level 7: <- You were here.
       Final resting place for
          you, killed by a mumak.


Vanquished creatures:
  a small mimic
  3 wolves
  2 orc-captains
  a yeti
  a lizard
  a dwarf leader
  2 Mordor orcs
  4 Uruk-hai
  5 orc shamans
  5 gnome leaders
  a gnomish wizard
  a straw golem
  7 dwarves
 16 hill orcs
 an iguana
  2 hobbits
 an orc
 30 gnomes
  2 jackals
  4 goblins
  2 sewer rats
  2 grid bugs
  2 lichens
  3 newts
99 creatures vanquished.

No species were genocided or became extinct.

Game over:
                       ----------
                      /          \
                     /    REST    \
                    /      IN      \
                   /     PEACE      \
                  /                  \
                  |   GdeVolpiano    |
                  |      496 Au      |
                  |   killed by a    |
                  |      mumak       |
                  |                  |
                  |                  |
                  |       2026       |
                 *|     *  *  *      | *
        _________)/\\_//(\/(/\)/\//\/|_)_______

Goodbye GdeVolpiano the Monk...

You died in The Gnomish Mines on dungeon level 7 with 5187 points,
and 496 pieces of gold, after 1798 moves.
You were level 7 with a maximum of 44 hit points when you died.

